 Dungeon Sprint DCSS version 0.30-a0-1160-g6e42c06551 (webtiles) character file.

Game seed: 5531212684859586225

0 lorenzova the Conjurer (level 2, -1/15 HPs)
             Began as a Deep Elf Conjurer on Apr 25, 2023.
             Was an Initiate of Vehumet.
             Slain by a worm (7 damage)
             ... in the Dungeon (Sprint VI: "Thunderdome").
             The game lasted 00:03:28 (134 turns).

lorenzova the Conjurer (Deep Elf Conjurer)           Turns: 134, Time: 00:03:29

Health: -1/15      AC:  2    Str:  4    XL:     2   Next: 93%
Magic:  0/11       EV: 12    Int: 22    God:    Vehumet [......]
Gold:   200        SH:  0    Dex: 13    Spells: 12/13 levels left

rFire   . . .        l - +0 club
rCold   . . .        (no shield)
rNeg    . . .        a - +0 robe
rPois   .            (no helmet)
rElec   .            (no cloak)
rCorr   .            (no gloves)
SInv    .            (no boots)
Will    .....        (no amulet)
Stlth   ++           (no ring)
HPRegen 0.22/turn    (no ring)
MPRegen 0.12/turn

%: no teleportation
@: no status effects
A: no striking features
a: Renounce Religion


You were in the Dungeon.
You worshipped Vehumet.
Vehumet was noncommittal.
You visited 1 branch You collected 200 gold pieces.

Inventory:

Hand Weapons
 l - a +0 club (weapon)
Armour
 a - a +0 robe (worn)
Wands
 i - a wand of acid (5)
 j - a wand of iceblast (5)
Scrolls
 g - 4 scrolls of blinking
 k - 3 scrolls of fog
Potions
 b - 3 potions of magic
 c - a potion of curing
 d - 4 potions of heal wounds
 e - 4 potions of haste
 f - a potion of berserk rage
 h - a potion of resistance


   Skills:
 - Level 2.4 Dodging
 - Level 2.4 Stealth
 + Level 6.2 Spellcasting
 + Level 6.3 Conjurations


You had 12 spell levels left.
You knew the following spells:

 Your Spells              Type           Power      Damage    Failure   Level
a - Magic Dart            Conj           100%       1d8       1%          1

Your spell library contained the following spells:

 Spells                   Type           Power      Damage    Failure   Level
 Searing Ray              Conj           68%        2d6       1%          2
 Dazzling Flash           Conj/Hex       40%        N/A       8%          3
 Fulminant Prism          Conj/Hex       10%        3d9       24%         4
 Iskenderun's Mystic Bla  Conj/Tloc      20%        2d6       24%         4


Dungeon Overview and Level Annotations

Branches:
Dungeon (1/1)

Altars:
Cheibriados
Dithmenos
Fedhas
Gozag
Kikubaaqudgha
Makhleb
Okawaru
Qazlal
Ru
Sif Muna
Trog
Uskayaw
Vehumet
Wu Jian
Xom
Yredelemnul
Zin
The Shining One

Shops:
D *[??*?*:[((

Annotations:
D Sigmund


Message History

Aim: a worm (moderately wounded, 100% to hit)
The magic dart hits the giant cockroach.
The giant cockroach is severely wounded.
The giant cockroach bites you.
Unknown command.
You hit the giant cockroach but do no damage.
The giant cockroach is severely wounded.
The giant cockroach barely misses you. The giant cockroach closely misses you.
You barely miss the giant cockroach.
The giant cockroach is severely wounded.
The giant cockroach bites you.
You hit the giant cockroach but do no damage.
The giant cockroach is severely wounded. 20...
The giant cockroach closely misses you.
The giant cockroach bites you but does no damage.
You hit the giant cockroach.
You kill the giant cockroach!
Vehumet accepts your kill.
Casting: Magic Dart (safe; 1% risk of failure)
Confirm with . or Enter, or press ? or * to list all spells.
You don't know that spell.
A worm is nearby!
Unknown command.
Casting: Magic Dart (safe; 1% risk of failure)
Confirm with . or Enter, or press ? or * to list all spells.
Aiming: Magic Dart (safe; 1% risk of failure)
Press: ? - help, Shift-Dir - straight line, f/p - worm
Aim: a worm (lightly wounded, 100% to hit)
The magic dart hits the worm.
The worm is moderately wounded.
Unknown command.
You hit the worm but do no damage.
The worm is moderately wounded.
The worm closely misses you.
You hit the worm.
The worm is heavily wounded. 15...
The worm bites you!
You die...

#⌠...........⌠#
######.8.........8.###
##.___......###......._
###∩........8.# #.8......
##.............###.........
#⌠..........###...###......
#⌠..........# #.<.# ......
#⌠..........###...###......
##..........@w.###.........
###∩........8.# #.8.......
##∩___......###......___
######.8.......[.8.###
#⌠...........⌠#
###.........### #_......._#
#_......._# #_........#


You could see a worm.

Vanquished Creatures
  Jessica (D)
  A giant cockroach (D)
2 creatures vanquished.

Notes
Turn   | Place    | Note
-------+----------+-------------------------------------------
     0 | D        | lorenzova the Deep Elf Conjurer began the quest for the
                  | Orb.
     0 | D        | Reached XP level 1. HP: 10/10 MP: 6/6
     1 | D        | Found a glowing silver altar of Zin.
     1 | D        | Found a glowing golden altar of the Shining One.
     2 | D        | Found a hide-covered altar of Uskayaw.
     2 | D        | Found a snail-covered altar of Cheibriados.
     3 | D        | Found a blossoming altar of Fedhas.
     3 | D        | Found Unut Tess's Staff Store.
     3 | D        | Found Cyenwost's Magic Scroll Shop.
     4 | D        | Found Oskyarer's Must-Have Magic.
     4 | D        | Found Esojydo's Magic Scroll Shop.
     5 | D        | Round 1.
     6 | D        | Found a sacrificial altar of Ru.
     8 | D        | Found a stormy altar of Qazlal.
    11 | D        | Found Ufazurhir's Jewellery.
    11 | D        | Found Ypurowku's Advanced Armour.
    12 | D        | Found a shadowy altar of Dithmenos.
    12 | D        | Found a burning altar of Makhleb.
    12 | D        | Found an opulent altar of Gozag.
    12 | D        | Found Ysarearol's Identification Station.
    16 | D        | Found a bloodstained altar of Trog.
    17 | D        | Found an ancient bone altar of Kikubaaqudgha.
    18 | D        | Found a shimmering altar of Xom.
    19 | D        | Found an iron altar of Okawaru.
    19 | D        | Found a radiant altar of Vehumet.
    19 | D        | Found Josim's Premium Goods.
    19 | D        | Found Wavoarui's Weapon Rack.
    20 | D        | Found Kampim's Miscellaneous Merchandise.
    20 | D        | Found Micaifam's Basic Armour.
    23 | D        | Found a shimmering blue altar of Sif Muna.
    27 | D        | Became a worshipper of Vehumet
    30 | D        | Found an ornate altar of the Wu Jian Council.
    30 | D        | Found a basalt altar of Yredelemnul.
    79 | D        | Noticed Jessica
    83 | D        | Killed Jessica
    84 | D        | Reached XP level 2. HP: 15/15 MP: 3/11
   113 | D        | Noticed Sigmund
   134 | D        | Slain by a worm

Illustrated notes

Levels and vault maps discovered:
D:        arena_sprint

Skill      XL: |  1 |
---------------+----+-----
Spellcasting   | 6 |  6.2
Conjurations   | 6 |  6.3
Dodging        | |  2.4
Stealth        | |  2.4

Action                     || total
---------------------------++-------
  Melee: Club              ||    11
   Cast: Magic Dart        ||    12
 Armour: Robe              ||     2
  Dodge: Dodged            ||    11

Table legend: (Time is in decaauts)
 A = Elapsed time spent in this place.
 B = Non-inter-level travel time spent in this place.
 C = Inter-level travel time spent in this place.
 D = Time resting spent in this place.
 E = Time spent auto-exploring this place.
 F = Levels seen in this place.
 G = Mean time per level.
                   A        B        C        D        E       F      G
               +--------+--------+--------+--------+--------+-----+--------+
         Total |    136 |    136 |      0 |      0 |      0 |   1 |  136.0 |
       Dungeon |    136 |    136 |      0 |      0 |      0 |   1 |  136.0 |
               +--------+--------+--------+--------+--------+-----+--------+

Top non-repeatable levels by time:
       D: 136 daAuts
